 Dungeon Crawl Stone Soup version 0.29.1-15-g9cfb28693d (webtiles) character file.

Game seed: 14735141379715210883

0 leafyfresh the Sneak (level 1, -9/16 HPs)
             Began as an Octopode Delver on Feb 24, 2023.
             Mangled by a gnoll
             ... wielding a +0 flail
             ... led by a gnoll bouda
              (13 damage)
             ... on level 5 of the Dungeon.
             The game lasted 00:00:06 (63 turns).

leafyfresh the Sneak (Octopode Delver)                Turns: 63, Time: 00:00:07

Health: -9/16      AC:  1    Str: 11    XL:     1   Next: 0%
Magic:  1/1        EV: 13    Int: 12    God:
Gold:   2          SH:  0    Dex: 13    Spells: 0/0 levels left

rFire   . . .      SeeInvis .   a - +0 short sword
rCold   . . .      Faith    .   (no shield)
rNeg    . . .      Spirit   .   (helmet restricted)
rPois   .          Reflect  .   (no amulet)
rElec   .          Harm     .   (no ring)
rCorr   .          Rampage  .   (no ring)
Will    .....                   (no ring)
Stlth   ++++......              (no ring)
HPRegen 0.05/turn               (no ring)
MPRegen 0.07/turn               (no ring)
                                (no ring)
                                (no ring)

@: no status effects
A: almost no armour, amphibious, 8 rings, camouflage 1, gelatinous body 1,
(nimble swimmer 1), tentacles
a: no special abilities


You were on level 5 of the Dungeon.
You visited 1 branch of the dungeon, and saw 1 of its levels.

You collected 2 gold pieces.

Inventory:

Hand Weapons
 a - a +0 short sword (weapon)
Wands
 f - a wand of digging (3)
Scrolls
 b - a scroll of fog
 c - a scroll of magic mapping
 d - a scroll of fear
Potions
 e - a potion of haste
 g - a potion of berserk rage {unknown}


   Skills:
 + Level 3.0 Fighting
 + Level 2.0 Short Blades
 + Level 2.0 Dodging
 + Level 6.6 Stealth


You couldn't memorise any spells.
You didn't know any spells.
Your spell library was empty.

Dungeon Overview and Level Annotations

Branches:
Dungeon (5/15)
 Temple: D:4-7

Altars:


Innate Abilities, Weirdness & Mutations

You cannot wear most types of armour.
You are amphibious.
You can wear up to eight rings at the same time.
Your skin changes colour to match your surroundings (Stealth+).
Your rubbery body absorbs attacks. (AC +1, EV +1)
((You are camouflaged when in or above water. (Stealth+)))
You have tentacles for arms and can constrict up to eight enemies at once.


Message History

Welcome, leafyfresh the Octopode Delver.
Below lies the Orb of Zot, rumoured to be powerful enough to resurrect a god...
Press ? for a list of commands and other information.
Found 2 gold pieces.
Found a stone staircase leading down.
Unknown command.
You now have 2 gold pieces.
g - an emerald potion No target in view!
A gnoll comes into view. It is wielding a +0 flail.
A gnoll bouda comes into view. It is wielding a +0 club.
There are monsters nearby!
Found a stone staircase leading down.
There are monsters nearby!
A gnoll and a quokka come into view.
The gnoll shouts!
A gnoll comes into view. It is wielding a +0 halberd.
The quokka moves out of view.
A gnoll comes into view. It is wielding a +0 flail.
A gnoll comes into view. It is wielding a +0 flail.
The gnoll shouts!
You hear a shout!
The gnoll attacks as you move away! The gnoll hits you with a +0 flail!
Ouch! That really hurt!
* * * LOW HITPOINT WARNING * * *
There is a stone staircase leading down here.
You hit the gnoll but do no damage. Your grab misses the gnoll.
The gnoll hits you with a +0 flail!
Ouch! That really hurt!
You die...

#.# #.# #.# #.#
#.#####.# #####
........# #...
######..###.#######
#.............#
##...###.#####.#
#....###.#####.###
#..........gg@...#
#......g..####.#.#
#.........# .#
#.......#.# ..
####.......... ..#
....>..g...###. ..#
.......g...# .. ...
####.......# .....
..........


You could see 3 gnolls.

Vanquished Creatures (others)
  6 plants (D:5)
6 creatures vanquished.

Notes
Turn   | Place    | Note
-------+----------+-------------------------------------------
     0 | D:5      | leafyfresh the Octopode Delver began the quest for the Orb.
     0 | D:5      | Reached XP level 1. HP: 16/16 MP: 1/1
    54 | D:5      | Noticed a gnoll bouda
    63 | D:5      | Mangled by a gnoll

Illustrated notes

Levels and vault maps discovered:
D:5:      layout_loops_ring, minmay_temple_entry_gardened_gates,
          kb_lookout_dungeons_type, minmay_misc_feat_cross,
          uniq_crazy_yiuf_cottage

Action                   || total
-------------------------++-------
Melee: Short sword       ||     1
